Map: Winter's Gate LE

Players

Mez - Winner!

  • Race: Terran Terran
  • League: Master
  • Spawn Location: 11:00

Forum

  • Race: Terran Terran
  • League: Master
  • Spawn Location: 5:00

VOD

Have the link to the VOD?

Description

Time

  • Played on: Sept. 1, 2019, 6:17 a.m.
  • Length: 15:45
Show
View Real Time Build Order
Export as new Build Order

Mez Terran - Winner!

Build Orders: Gas First Reaper Expand, Liberator Opening 

Get SALT Encoding   

  12  0:00  SCV  
  13  0:12  SCV  
  14  0:17  Supply Depot  
  14  0:25  SCV  
  14  0:27  Refinery  
  15  0:39  SCV  
  16  0:45  Barracks  
  16  0:53  SCV  
  17  1:05  SCV  
  18  1:17  SCV  
  19  1:33  Orbital Command, Reaper  
  20  1:49  Command Center  
  20  1:56  Factory  
  20  2:00  SCV  
  21  2:06  Barracks Reactor  
  21  2:12  Supply Depot  
  21  2:14  SCV  
  22  2:22  Refinery  
  22  2:26  SCV  
  23  2:41  SCV  
  28  2:51  Starport, Hellion x2, Barracks Tech Lab  
  28  2:53  SCV  
  29  3:04  Orbital Command  
  29  3:05  SCV  
  30  3:12  Hellion  
  33  3:21  Hellion  
  33  3:24  Marauder, Concussive Shells  
  36  3:33  Viking  
  38  3:36  SCV  
  38  3:41  SCV  
  40  3:50  Supply Depot  
  40  3:52  Factory Tech Lab  
  40  3:53  Marauder  
  40  3:54  Liberator  
  42  3:56  SCV  
  42  3:57  SCV  
  44  4:10  SCV x2  
  44  4:16  Supply Depot  
  49  4:24  Cyclone  
  49  4:25  Marine  
  49  4:26  Marine  
  54  4:33  Supply Depot  
  54  4:38  SCV x2  
  56  4:43  Marine x2  
  58  4:46  Supply Depot  
  58  4:51  SCV x2  
  56  5:03  SCV  
  49  5:10  Marine x2  
  38  5:15  SCV x2  
  39  5:28  SCV x2  
  41  5:32  Factory Tech Lab, Raven  
  41  5:33  Marine x2  
  41  5:35  Command Center  
  45  5:39  Supply Depot  
  45  5:44  SCV x2  
  46  5:50  Cyclone  
  46  5:52  Marine  
  46  5:56  SCV x2  
  47  6:08  SCV  
  47  6:09  SCV  
  44  6:20  Marine, SCV  
  44  6:21  SCV  
  42  6:32  SCV  
  37  6:34  SCV  
  34  6:44  SCV  
  34  6:47  SCV, Refinery  
  36  6:52  Orbital Command  
  36  6:56  SCV  
  36  6:59  Marine x2, SCV  
  40  7:08  SCV  
  40  7:11  SCV  
  42  7:21  SCV x2  
  42  7:22  Barracks  
  44  7:23  Starport Reactor, SCV  
  44  7:25  Marine, Barracks  
  46  7:33  SCV x2  
  46  7:35  SCV  
  49  7:45  SCV x2  
  49  7:47  SCV  
  49  7:51  Marine, Siege Tank  
  53  7:57  SCV x2  
  58  7:59  SCV  
  58  8:09  SCV x2  
  58  8:11  SCV  
  58  8:12  Stimpack  
  61  8:14  Refinery  
  61  8:17  Marine x2  
  61  8:18  Marine, Starport Reactor  
  64  8:21  SCV x2  
  64  8:23  SCV, Supply Depot  
  64  8:24  Supply Depot, Engineering Bay  
  67  8:33  SCV  
  67  8:34  SCV  
  69  8:35  Marine, SCV  
  69  8:37  Supply Depot  
  69  8:39  Command Center  
  71  8:46  SCV x2  
  73  8:48  Marine, Refinery  
  73  8:49  Marine x3  
  73  8:51  Siege Tank  
  73  8:53  Marine  
  81  8:55  SCV  
  81  8:58  SCV  
  81  9:01  Supply Depot  
  82  9:03  Medivac x2  
  82  9:06  Barracks  
  82  9:07  Barracks  
  86  9:10  SCV x2  
  86  9:11  Terran Infantry Weapons Level 1  
  88  9:17  SCV  
  88  9:20  Refinery  
  88  9:22  SCV  
  88  9:23  Marine x5  
  95  9:25  Siege Tank  
  95  9:30  SCV x2  
  100  9:32  Supply Depot  
  100  9:35  Medivac  
  102  9:39  SCV  
  102  9:42  SCV x2  
  102  9:43  Refinery  
  105  9:46  Marine x4  
  105  9:47  Marine  
  105  9:51  SCV  
  105  9:52  Planetary Fortress  
  111  9:54  SCV  
  112  10:01  Barracks Tech Lab  
  112  10:02  Barracks Tech Lab  
  112  10:03  Starport  
  112  10:05  Marauder  
  112  10:06  SCV x3  
  117  10:08  Marine x3  
  117  10:13  Supply Depot, Refinery  
  120  10:15  Supply Depot, Viking x2  
  120  10:18  SCV x3  
  127  10:21  Supply Depot  
  127  10:22  Marauder x2  
  127  10:24  Combat Shield  
  131  10:30  SCV x3  
  134  10:39  SCV, Fusion Core  
  134  10:41  Starport  
  134  10:42  SCV x3  
  137  10:43  Refinery  
  137  10:44  Starport Reactor, Supply Depot  
  137  10:45  Supply Depot  
  137  10:47  Supply Depot  
  138  10:55  SCV  
  138  10:56  SCV x2  
  141  11:00  Marine x4, Marauder x3  
  141  11:02  Supply Depot  
  151  11:05  Terran Infantry Armor Level 1  
  151  11:07  Armory  
  151  11:10  Engineering Bay  
  150  11:18  Marine  
  149  11:22  Liberator x2  
  149  11:23  Liberator x2  
  149  11:25  Marine x3, Marauder x3  
  152  11:26  Siege Tank  
  152  11:27  SCV x3  
  152  11:28  SCV  
  155  11:40  Starport Tech Lab  
  155  11:46  Marauder  
  139  12:01  Liberator  
  143  12:15  Marine x3, Marauder x3  
  146  12:17  Advanced Ballistics  
  146  12:18  Liberator x3  
  146  12:22  Viking  
  153  12:23  Command Center  
  153  12:24  Barracks  
  153  12:25  Barracks x2  
  162  12:45  Siege Tank  
  162  12:46  Marine  
  162  12:47  Marine x3, Marauder x3  
  162  12:48  Liberator  
  162  12:49  Liberator  
  170  13:00  Liberator  
  170  13:04  Marine  
  171  13:12  Marine x2, Marauder x3  
  185  13:13  Barracks Tech Lab  
  185  13:14  Barracks Tech Lab x2  
  185  13:19  Supply Depot  
  184  13:20  Terran Infantry Weapons Level 2  
  184  13:22  Terran Infantry Armor Level 2  
  184  13:23  Terran Ship Weapons Level 1  
  184  13:30  Command Center  
  184  13:31  Command Center  
  184  13:32  Command Center  
  184  13:33  Marauder x2  
  188  13:36  Sensor Tower  
  188  13:38  Sensor Tower  
  175  14:20  Marine x3, Marauder x3  
  175  14:21  Marine, Marauder x2  
  175  14:22  Liberator x4  
  175  14:23  Liberator  
  177  14:33  Siege Tank  
  180  14:44  Orbital Command x2  
  195  14:51  Command Center  
  195  15:02  Command Center  
  188  15:18  Marauder x2  
Show
View Real Time Build Order
Export as new Build Order

Forum Terran 

Build Orders: 1/1/1, Mech 

Get SALT Encoding   

  12  0:00  SCV  
  13  0:13  SCV  
  14  0:16  Supply Depot  
  14  0:25  SCV  
  15  0:38  SCV  
  15  0:39  Barracks  
  16  0:44  Refinery  
  16  0:50  SCV  
  16  0:52  Refinery  
  17  1:02  SCV  
  18  1:14  SCV  
  19  1:26  Marine, SCV, Supply Depot  
  19  1:32  Factory  
  21  1:39  SCV  
  22  1:43  Marine  
  23  1:56  SCV  
  24  2:01  Marine  
  25  2:08  SCV  
  26  2:17  Factory Tech Lab  
  26  2:19  Starport  
  26  2:20  SCV  
  27  2:26  Barracks Reactor  
  27  2:49  Siege Tank  
  27  2:51  Orbital Command  
  30  2:54  Supply Depot  
  30  2:59  Starport Reactor  
  30  3:03  Marine, Supply Depot  
  31  3:16  Marine  
  31  3:18  SCV  
  32  3:21  Marine  
  33  3:34  Marine  
  33  3:35  SCV  
  33  3:37  Siege Tank  
  33  3:39  Marine  
  33  3:40  Medivac  
  33  3:41  Medivac  
  43  3:48  SCV  
  44  3:49  Supply Depot  
  44  3:57  Marine x2  
  46  4:05  SCV  
  47  4:10  Liberator  
  47  4:22  Marine x2  
  47  4:23  Siege Tank  
  55  4:37  Supply Depot  
  55  4:42  Command Center  
  55  4:59  SCV  
  48  5:30  SCV  
  48  5:31  Marine x2  
  48  5:33  Siege Tank  
  54  5:42  SCV  
  55  5:53  Factory, Supply Depot  
  55  5:54  SCV, Factory  
  56  5:57  Orbital Command  
  56  5:59  Command Center  
  53  6:09  Marine x2  
  50  6:14  SCV  
  50  6:26  SCV  
  50  6:27  Marine x2  
  42  6:44  SCV  
  42  6:46  SCV  
  44  6:48  Factory Tech Lab  
  44  6:53  Factory Tech Lab  
  44  6:56  SCV  
  45  7:06  SCV  
  46  7:10  Supply Depot  
  46  7:11  SCV  
  46  7:12  Orbital Command  
  47  7:16  Siege Tank  
  47  7:18  SCV  
  47  7:21  Siege Tank  
  54  7:23  SCV  
  55  7:30  SCV  
  55  7:35  SCV, Refinery x2  
  57  7:42  SCV  
  57  7:43  Orbital Command  
  58  7:47  SCV  
  58  7:54  SCV  
  57  7:59  SCV  
  57  8:06  SCV  
  57  8:10  SCV  
  57  8:11  SCV  
  60  8:16  Engineering Bay  
  60  8:19  SCV  
  61  8:22  Siege Tank x2, SCV  
  61  8:23  SCV  
  61  8:24  Marine  
  70  8:31  SCV, Refinery  
  70  8:32  Marine, Refinery  
  72  8:34  SCV  
  72  8:35  SCV  
  72  8:39  Supply Depot  
  74  8:43  SCV  
  74  8:46  SCV  
  74  8:47  SCV  
  77  8:52  Armory  
  77  8:56  SCV  
  77  8:57  Missile Turret, Armory  
  77  8:59  SCV  
  77  9:00  SCV  
  77  9:02  Supply Depot  
  80  9:08  SCV  
  81  9:11  SCV  
  81  9:12  SCV  
  83  9:20  Missile Turret  
  83  9:21  SCV  
  83  9:23  SCV  
  83  9:24  SCV  
  86  9:31  Factory  
  86  9:33  SCV  
  86  9:34  Factory  
  86  9:35  SCV  
  86  9:36  SCV  
  86  9:37  Supply Depot  
  89  9:40  Factory  
  89  9:44  Viking x2  
  93  9:47  SCV  
  93  9:48  SCV, Drilling Claws  
  93  9:50  Widow Mine x3  
  101  9:59  SCV  
  102  10:01  Supply Depot  
  102  10:03  Missile Turret  
  102  10:11  Infernal Pre-Igniter, Widow Mine  
  104  10:30  Factory Tech Lab  
  104  10:32  Factory Tech Lab, Factory Reactor  
  104  10:41  Thor x3  
  122  10:43  Terran Vehicle And Ship Armor Level 1  
  122  10:45  Terran Vehicle Weapons Level 1  
  122  10:48  Supply Depot  
  112  11:02  Siege Tank  
  112  11:03  Marine x2, Siege Tank  
  120  11:11  Supply Depot  
  120  11:16  Hellbat x2  
  123  11:21  Marine x2  
  102  11:29  Siege Tank x3  
  111  11:34  Supply Depot  
  111  11:38  Hellbat x2  
  114  11:41  Command Center  
  108  11:59  Hellbat x2  
  108  12:01  Siege Tank x2  
  118  12:02  Marine, Missile Turret  
  119  12:12  SCV  
  120  12:20  Hellbat  
  120  12:21  Medivac x2, Hellbat  
  120  12:22  Siege Tank x2  
  134  12:24  SCV  
  135  12:42  Hellbat x2  
  135  12:44  Liberator x2  
  145  13:23  Marine  
  145  13:24  Marine  
  145  13:26  Hellbat x2  
  146  13:47  Hellbat  
  146  13:48  Hellbat  
  149  14:09  Hellbat x2  
  120  14:22  Thor x3  
  120  14:23  Marine  
  119  14:24  Siege Tank  
  119  14:33  Thor  
  119  14:34  Hellbat  
  120  14:48  Hellbat, Viking  
  120  14:50  Viking  
  126  14:55  Hellbat  
  126  14:56  Thor  
  134  15:09  Hellbat  
Tags
 
Add a new tag
Caveats
  • Supply blocks, unpowered buildings, or Contaminate may cause inaccurate times.
  • Supply counts are checked every 10 seconds.